 Dungeon Crawl Stone Soup version 0.27.1-34-g3ba077fa99 (webtiles) character file.

Game seed: 1181041662897106497

5834 liu the Cleaver (level 10, -5/77 HPs)
             Began as a Demonspawn Gladiator on Jan 22, 2022.
             Was a Priest of Okawaru.
             Slain by a tentacled starspawn (6 damage)
             ... on level 2 of the Abyss.
             The game lasted 00:14:58 (12478 turns).

liu the Cleaver (Demonspawn Gladiator)             Turns: 12478, Time: 00:14:59

Health: -5/77      AC: 23    Str: 14    XL:     10   Next: 51%
Magic:  10/10      EV: 14    Int: 10    God:    Okawaru [***...]
Gold:   731        SH:  0    Dex: 18    Spells: 9/9 levels left

rFire    . . .     SeeInvis +   E - +2 hand axe (freeze)
rCold    . . .     Faith    .   (no shield)
rNeg     + . .     Spirit   .   K - +2 swamp dragon scales
rPois    +         Reflect  .   v - +0 helmet {SInv}
rElec    .         Harm     .   (no cloak)
rCorr    .         Rampage  .   u - +0 pair of gloves
Will     .....                  (no boots)
Stlth    ++........             (no amulet)
HPRegen  0.22/turn              m - ring of positive energy
MPRegen  0.12/turn              n - +4 ring of protection

@: sanguine armoured
A: talons 2, ignite blood 2, spiny 1, sanguine armour 1
a: Renounce Religion, Heroism


You were on level 2 of the Abyss.
You worshipped Okawaru.
Okawaru was most pleased with you.
You visited 2 branches of the dungeon, and saw 11 of its levels.
You visited the Abyss 1 time.

You collected 731 gold pieces.

Inventory:

Hand Weapons
 a - a +0 war axe
 E - a +2 hand axe of freezing (weapon)
 L - a +0 broad axe
Missiles
 d - 3 throwing nets (quivered)
Armour
 b - a +0 leather armour
 c - a +0 helmet
 j - a +1 helmet
 u - a +0 pair of gloves (worn)
 v - a +0 helmet of see invisible (worn)
 H - +0 steam dragon scales
 I - +0 acid dragon scales
 K - +2 swamp dragon scales (worn)
Jewellery
 m - a ring of positive energy (left hand)
 n - a +4 ring of protection (right hand)
Wands
 x - a wand of flame (27)
 C - a wand of iceblast (10)
 D - a wand of charming (7)
 F - a wand of acid (6)
Scrolls
 e - 4 scrolls of identify {unknown}
 g - 3 scrolls of enchant weapon {unknown}
 h - 2 scrolls of blinking {unknown}
 l - 2 scrolls of brand weapon {unknown}
 r - 6 scrolls of teleportation {unknown}
 s - 2 scrolls of enchant armour {unknown}
 w - a scroll of silence {unknown}
 y - 2 scrolls of summoning {unknown}
 B - 2 scrolls of noise {unknown}
 G - a scroll of vulnerability {unknown}
 J - a scroll of amnesia {unknown}
Potions
 f - 3 potions of attraction {unknown}
 i - a potion of degeneration {unknown}
 k - a potion of invisibility {unknown}
 o - a potion of flight {unknown}
 p - a potion of haste
 q - 2 potions of cancellation {unknown}
 t - a potion of ambrosia {unknown}
 z - 7 potions of curing {unknown}
 A - 2 potions of mutation {unknown}
 M - 2 potions of might {unknown}
 N - a potion of heal wounds


   Skills:
 + Level 6.7 Fighting
 + Level 10.1 Axes
 + Level 2.1 Throwing
 + Level 5.5 Armour
 + Level 6.4 Dodging
 + Level 3.8 Stealth
 + Level 0.1 Invocations


You had 9 spell levels left.
You didn't know any spells.
Your spell library contained the following spells:

 Spells                   Type           Power      Damage    Failure   Level
 Sandblast                Erth           0%         2d4       58%         1
 Passwall                 Tmut/Erth      0%         N/A       73%         2
 Slow                     Hex            0%         N/A       73%         2
 Confusing Touch          Hex            0%         N/A       91%         3
 Lee's Rapid Deconstruct  Erth           0%         3d5*      100%        5
 Yara's Violent Unravell  Hex/Tmut       0%         3d3       100%        5


Dungeon Overview and Level Annotations

Branches:
Dungeon (10/15)            Temple (1/1) D:4             Orc (0/2) D:9
   Lair: D:8-11

Altars:
Ashenzari
Cheibriados
Dithmenos
Elyvilon
Fedhas
Gozag
Hepliaklqana
Kikubaaqudgha
Makhleb
Nemelex Xobeh
Okawaru
Qazlal
Ru
Sif Muna
Trog
Uskayaw
Vehumet
Wu Jian
Xom
Yredelemnul
Zin
The Shining One

Shops:
D:2 [

Annotations:
D:5 1 runed translucent door, Palewisp's ghost, amateur MiFi
D:10 Sonja


Innate Abilities, Weirdness & Mutations

You have razor-sharp toenails.
Your demonic aura often causes spilled blood to erupt in flames.
You are partially covered in sharp spines.
When seriously injured, your bleeding wounds create armour. (AC +6)


Message History

You hit the starspawn tentacle. You freeze the starspawn tentacle.
The tentacled starspawn bites you!
* * * LOW HITPOINT WARNING * * *
The tentacled starspawn tentacle-slaps you but does no damage.
You hit the tentacled starspawn but do no damage.
The tentacled starspawn is heavily damaged.
You hit the starspawn tentacle. You freeze the starspawn tentacle.
You hit the starspawn tentacle but do no damage.
The tentacled starspawn is struck by your spines.
The tentacled starspawn bites you!
* * * LOW HITPOINT WARNING * * *
The tentacled starspawn tentacle-slaps you.
* * * LOW HITPOINT WARNING * * *
You hit the tentacled starspawn. You freeze the tentacled starspawn.
The tentacled starspawn is severely damaged.
You hit the starspawn tentacle but do no damage. x2
The tentacled starspawn is struck by your spines.
The tentacled starspawn bites you but does no damage.
The tentacled starspawn closely misses you.
Unknown command.
You hit the tentacled starspawn but do no damage.
The tentacled starspawn is severely damaged.
You hit the starspawn tentacle but do no damage. x2
The tentacled starspawn closely misses you.
The tentacled starspawn tentacle-slaps you.
* * * LOW HITPOINT WARNING * * *
Unknown command.
You slash the tentacled starspawn! You freeze the tentacled starspawn.
You claw the tentacled starspawn, but do no damage.
The tentacled starspawn is severely damaged.
You hit the starspawn tentacle but do no damage.
Your swamp dragon scales prevents you from hitting the starspawn tentacle.
Unknown command.
You hit the tentacled starspawn but do no damage.
You claw the tentacled starspawn!
The tentacled starspawn is almost destroyed.
You completely miss the starspawn tentacle.
You hit the starspawn tentacle but do no damage.
The tentacled starspawn bites you.
You die...

..##.. . . .....## .
##. .##(###.#.....#
. .. ........#.#.#.#
. ## #. ......(#..
......#............#
. #.Λ .......#..°#
#..#/#......#..w@##
.
..<..│........wX○#.
.# .. \._
............# . .. \
.....##...#.##.# .#.
w ..w ...##..# # .#
......##.# .## #
######.##... # . #
.. ...... ..
#.......##. #


You could see a tentacled starspawn and 2 starspawn tentacles.

Vanquished Creatures
  Pikel (D:3)
  2 cyclopes
  Maggie (D:9)
  Psyche (D:10)
  Grinder (D:3)
  Sigmund (D:4)
  Eustachio (D:5)
  2 steam dragons
  An acid dragon (D:8)
  3 water moccasins
  A sky beast (D:6)
  An orc warrior (D:9)
  A black bear (D:7)
  A necrophage (D:4)
  An ogre (D:7)
  A centaur (D:8)
  A lemure (D:4)
  3 phantoms
  2 kobold brigands
  4 bullfrogs
  3 scorpions (D:5)
  3 gnoll sergeants
  9 wights
  5 howler monkeys
  A gnoll shaman (D:7)
  2 bullfrog zombies (D:5)
  A hound (D:4)
  4 orc priests (D:9)
  Crazy Yiuf (D:4)
  A centaur skeleton (D:6)
  Natasha (thrice) (D:4)
  2 iguanas
  4 orc wizards
  3 howler monkey zombies
  14 gnolls
  5 adders
  A shadow imp (D:5)
  A white imp (D:6)
  4 worms (D:2)
  2 dart slugs
  48 orcs
  3 endoplasms
  12 goblins
  7 hobgoblins
  2 jackals (D:4)
  A quokka (D:2)
  12 ball pythons
  4 bats (D:1)
  3 frilled lizards
  6 kobolds
  4 rats
  A starspawn tentacle (Abyss:2)
202 creatures vanquished.

Vanquished Creatures (others)
  A starspawn tentacle (Abyss:2)
1 creature vanquished.

Grand Total: 203 creatures vanquished

Notes
Turn   | Place    | Note
-------+----------+-------------------------------------------
     0 | D:1      | liu the Demonspawn Gladiator began the quest for the Orb.
     0 | D:1      | Reached XP level 1. HP: 16/16 MP: 1/1
   235 | D:1      | Gained mutation: You are partially covered in sharp spines.
                  | [demonic ancestry]
   235 | D:1      | Reached XP level 2. HP: 22/22 MP: 2/2
   438 | D:1      | Reached skill level 3 in Axes
   758 | D:1      | Gained mutation: Your demonic aura sometimes causes spilled
                  | blood to erupt in flames. [demonic ancestry]
   758 | D:1      | Reached XP level 3. HP: 28/28 MP: 3/3
  1661 | D:2      | Gained mutation: Your demonic aura often causes spilled
                  | blood to erupt in flames. [demonic ancestry]
  1661 | D:2      | Reached XP level 4. HP: 32/34 MP: 4/4
  1857 | D:2      | Found Ucuch's Antique Armour Boutique.
  2202 | D:3      | Noticed Grinder
  2212 | D:3      | Paralysed by Grinder for 6 turns
  2224 | D:3      | Paralysed by Grinder for 4 turns
  2239 | D:3      | Killed Grinder
  2240 | D:3      | Reached skill level 4 in Axes
  2240 | D:3      | Gained mutation: When seriously injured, your bleeding
                  | wounds create armour. (AC +6) [demonic ancestry]
  2240 | D:3      | Reached XP level 5. HP: 24/41 MP: 5/5
  2240 | D:3      | Reached XP level 6. HP: 28/47 MP: 6/6
  2593 | D:3      | Found a faded altar of an unknown god.
  3053 | D:4      | Reached skill level 5 in Axes
  3059 | D:4      | Found a hide-covered altar of Uskayaw.
  3060 | D:4      | Found a shimmering blue altar of Sif Muna.
  3201 | D:4      | Noticed Pikel
  3206 | D:4      | Noticed Natasha
  3485 | D:3      | Killed Pikel
  3486 | D:3      | Reached skill level 6 in Axes
  3486 | D:3      | Reached skill level 1 in Stealth
  3486 | D:3      | Gained mutation: You have sharp toenails. [demonic
                  | ancestry]
  3486 | D:3      | Reached XP level 7. HP: 34/54 MP: 7/7
  3600 | D:4      | Killed Natasha
  3601 | D:4      | Reached XP level 8. HP: 60/60 MP: 8/8
  3610 | D:4      | Found a staircase to the Ecumenical Temple.
  3615 | D:4      | You fall into a shaft and drop 1 floor!
  3615 | D:5      | Entered Level 5 of the Dungeon
  3658 | Temple   | Entered the Ecumenical Temple
  4107 | D:4      | Found a blossoming altar of Fedhas.
  4314 | D:4      | Noticed Natasha
  4319 | D:4      | Killed Natasha
  4523 | D:4      | Noticed Natasha
  4527 | D:4      | Killed Natasha
  4567 | D:4      | Found an iron altar of Okawaru.
  4577 | D:4      | Became a worshipper of Warmaster Okawaru
  4612 | D:4      | Found a runed translucent door.
  4613 | D:4      | Noticed Crazy Yiuf
  4750 | D:4      | Killed Crazy Yiuf
  4921 | D:5      | Noticed Palewisp's ghost (amateur MiFi)
  4929 | D:5      | Found a runed translucent door.
  4952 | D:5      | Noticed Sigmund
  5134 | D:4      | Killed Sigmund
  5135 | D:4      | Reached skill level 7 in Axes
  5739 | D:5      | Found a sacrificial altar of Ru.
  5883 | D:5      | Noticed Eustachio
  5887 | D:5      | Killed Eustachio
  6285 | D:5      | Reached skill level 5 in Fighting
  6479 | D:6      | Reached * piety under Okawaru
  6806 | D:6      | Reached XP level 9. HP: 42/68 MP: 9/9
  7084 | D:6      | Reached skill level 8 in Axes
  7171 | D:6      | Noticed a cyclops
  7179 | D:6      | Killed a cyclops
  7180 | D:6      | Reached skill level 5 in Dodging
  7405 | D:6      | Found a stormy altar of Qazlal.
  8172 | D:7      | Reached ** piety under Okawaru
  8494 | D:7      | Reached skill level 9 in Axes
  8494 | D:7      | Reached skill level 5 in Armour
  8578 | D:7      | Found a burning altar of Makhleb.
  9434 | D:8      | Found a bloodstained altar of Trog.
  9454 | D:8      | Gained mutation: You have razor-sharp toenails. [demonic
                  | ancestry]
  9454 | D:8      | Reached XP level 10. HP: 59/76 MP: 10/10
 10269 | D:9      | Noticed Maggie
 10295 | D:9      | Killed Maggie
 10556 | D:9      | Noticed a cyclops
 10579 | D:9      | Killed a cyclops
 10579 | D:9      | Reached *** piety under Okawaru
 11094 | D:9      | Found a staircase to the Orcish Mines.
 11181 | D:9      | Found a broken altar of Ashenzari.
 11614 | D:9      | Found a radiant altar of Vehumet.
 11759 | D:9      | Noticed an angel
 11987 | D:9      | Reached skill level 10 in Axes
 12131 | D:10     | Entered Level 10 of the Dungeon
 12270 | D:10     | Noticed Psyche
 12272 | D:10     | Killed Psyche
 12423 | D:10     | Noticed Sonja
 12426 | D:10     | Cast into level 2 of the Abyss (Sonja)
 12426 | Abyss:2  | Found a corrupted altar of Lugonu.
 12448 | Abyss:2  | Noticed a tentacled starspawn
 12476 | Abyss:2  | HP: 1/77 [tentacled starspawn (4)]
 12478 | Abyss:2  | Slain by a tentacled starspawn

Illustrated notes

Levels and vault maps discovered:
D:1:      lemuel_arrival_broad_hall, layout_basic, minmay_ruptured
D:2:      layout_basic, serial_shops, shop, corner_web_ring
D:3:      layout_basic, overflow_temple_1_default,
          ebering_ecumenical_altar_rust, patterned_corridor, uniq_grinder
D:4:      layout_loops_ring, mainiacjoe_overflow_paths, old_standard_altar,
          jmf_multi_god_temple, minmay_temple_entry_slanted,
          hangedman_abyss_or_decor_passed, uniq_pikel, uniq_natasha,
          uniq_crazy_yiuf_cottage
D:5:      layout_loops_ring, mainiacjoe_overflow_24_doors,
          hellmonk_ghost_happy_afterlife, kennysheep_generic_room_14,
          uniq_sigmund, uniq_eustachio
D:6:      layout_basic, mainiacjoe_overflow_alcove_4, minmay_misc_feat_hallway,
          minmay_three_doors
D:7:      layout_basic, mainiacjoe_overflow_alcove_2, minmay_stone_trees_medium
D:8:      layout_loops_cross, kennysheep_mini
D:9:      layout_basic, mainiacjoe_overflow_brackets,
          mainiacjoe_overflow_small_starburst, zin_angel, hiddenorc2_lemuel,
          minmay_misc_feat_plants, uniq_maggie
D:10:     layout_basic, enter_bailey_2, minivault_16, nrook_loot_triangle,
          uniq_psyche, uniq_sonja, uniq_urug
Temple:   dpeg_chambers_temple
Abyss:2:  base:
D:10

Skill      XL: |  1  2  3  4  5  6  7  8  9 10 |
---------------+-------------------------------+-----
Throwing       | 2 |  2.1
Dodging        | 3 4 5 6 |  6.4
Axes           | 3 4 6 7 9 10 | 10.1
Fighting       | 3 4 5 6 |  6.7
Armour         | 2 3 4 5 |  5.5
Stealth        | 1 2 3 |  3.8
Invocations    | |  0.1

Action                   |  1- 3 |  4- 6 |  7- 9 | 10-12 || total
-------------------------+-------+-------+-------+-------++-------
Melee: War axe           |    72 |    85 |    84 |       ||   241
       Kick              |       |       |    60 |    48 ||   108
       Hand axe          |       |       |    93 |   142 ||   235
Invok: Heroism           |       |       |       |     1 ||     1
  Use: Potion            |       |       |       |     1 ||     1
 Stab: Distracted        |     1 |       |       |       ||     1
       Sleeping          |       |       |     2 |       ||     2
Armor: Leather armour    |    25 |    26 |    56 |       ||   107
       Steam dragon scal |       |       |     4 |    15 ||    19
       Swamp dragon scal |       |       |       |    36 ||    36
Dodge: Dodged            |    47 |    52 |   168 |    88 ||   355
